 Dungeon Crawl Stone Soup version 0.29-a0-870-g2c972031a6 (webtiles) character file.

Game seed: 24515377452085257

11 nxtlvl the Ducker (level 2, 0/18 HPs)
             Began as a Deep Elf Monk on July 17, 2022.
             Slain by a bullfrog (6 damage)
             ... on level 4 of the Dungeon.
             The game lasted 00:02:08 (393 turns).

nxtlvl the Ducker (Deep Elf Monk)                    Turns: 393, Time: 00:02:08

Health: 0/18       AC:  3    Str:  8    XL:     2   Next: 13%
Magic:  4/4        EV: 13    Int: 14    God:
Gold:   60         SH:  0    Dex: 17    Spells: 1/1 levels left

rFire   . . .      SeeInvis .   a - +0 short sword
rCold   . . .      Faith    .   (no shield)
rNeg    . . .      Spirit   .   b - +0 robe
rPois   .          Reflect  .   (no helmet)
rElec   .          Harm     .   (no cloak)
rCorr   .          Rampage  .   j - +0 pair of gloves
Will    .....                   (no boots)
Stlth   ++........              (no amulet)
HPRegen 0.06/turn               (no ring)
MPRegen 0.09/turn               (no ring)

@: hasted, very quick
A: no striking features
a: no special abilities


You were on level 4 of the Dungeon.
You visited 1 branch of the dungeon, and saw 4 of its levels.

You collected 60 gold pieces.

Inventory:

Hand Weapons
 a - a +0 short sword (weapon)
Missiles
 e - 3 stones (quivered)
 i - 8 poisoned darts
Armour
 b - a +0 robe (worn)
 g - a +0 leather armour
 j - a +0 pair of gloves (worn)
Wands
 h - a wand of flame (12)
Scrolls
 f - a scroll of vulnerability {unknown}


   Skills:
 - Level 2.4 Fighting
 * Level 3.6 Short Blades
 - Level 3.6 Dodging
 - Level 2.4 Stealth


You had one spell level left.
You didn't know any spells.
Your spell library was empty.

Dungeon Overview and Level Annotations

Branches:
Dungeon (4/15)
 Temple: D:4-7

Altars:
Ru

Annotations:
D:4 1 transporter, IdlyInterested's ghost, amateur DsFi


Message History

The bullfrog is heavily wounded.
The bullfrog closely misses you.
You bump into the rock wall.
The bullfrog hits you.
You closely miss the bullfrog.
The bullfrog is heavily wounded.
The bullfrog barely misses you.
You barely miss the bullfrog.
The bullfrog is heavily wounded.
The bullfrog hits you.
You closely miss the bullfrog.
The bullfrog is heavily wounded.
The bullfrog hits you.
You bump into the rock wall.
The bullfrog barely misses you.
You barely miss the bullfrog.
The bullfrog is heavily wounded.
The bullfrog misses you.
You closely miss the bullfrog.
The bullfrog is heavily wounded.
You feel less invigorated.
You feel less confused. The bullfrog misses you.
You hit the bullfrog but do no damage.
The bullfrog is heavily wounded.
The bullfrog misses you.
You hit the bullfrog but do no damage.
The bullfrog is heavily wounded.
The bullfrog hits you!
You hit the bullfrog but do no damage.
The bullfrog is heavily wounded.
The bullfrog closely misses you.
You hit the bullfrog.
The bullfrog is severely wounded.
The bullfrog closely misses you.
You hit the bullfrog.
The bullfrog is almost dead.
The bullfrog hits you.
You hit the bullfrog.
The bullfrog is almost dead.
The bullfrog hits you.
You die...

.....#≈≈≈ #.... .≈ ≈
.......#≈ ##... ...
###......###.
##.....#......
#.....rK..# #F# #@# #.#
#.# #.# #.###
#.#####.#.##
.........#.##########
#.###.#.###.........###
..# #..## ##.##.......#
#.# ### ####.###.#.#


You could see a bullfrog, a kobold and a rat.

Vanquished Creatures
  A dart slug (D:1)
  A ball python (D:1)
  A giant cockroach (D:1)
  3 goblins (D:1)
  A kobold (D:4)
  A rat (D:1)
8 creatures vanquished.

Notes
Turn   | Place    | Note
-------+----------+-------------------------------------------
     0 | D:1      | nxtlvl the Deep Elf Monk began the quest for the Orb.
     0 | D:1      | Reached XP level 1. HP: 13/13 MP: 3/3
   160 | D:1      | Reached XP level 2. HP: 15/18 MP: 4/4
   204 | D:2      | Found a sacrificial altar of Ru.
   321 | D:4      | Found a transporter.
   321 | D:4      | Noticed an ogre
   321 | D:4      | Noticed IdlyInterested's ghost (amateur DsFi)
   322 | D:4      | Noticed an ogre
   368 | D:4      | Noticed a bullfrog
   393 | D:4      | Slain by a bullfrog

Illustrated notes

Levels and vault maps discovered:
D:1:      ncdulo_halloftheorcs, layout_basic
D:2:      layout_basic, hellmonk_ecumenical_altar_crossroads, basic_altar,
          solitary_fountain
D:3:      lemuel_castle_with_subvaults [lemuel_castle_interior_carwin_3],
          layout_loops_cross, chequers_serial_rivers_large_b
D:4:      layout_loops_corners, yredelemnul_forgotten_temple_becter,
          gammafunk_ghost_smash, cheibrodos_sewer_entry_drain

Action                   || total
-------------------------++-------
Melee: Short sword       ||    36
Evoke: Wand              ||     3
  Use: Potion            ||     2
 Stab: Sleeping          ||     2
Armor: Robe              ||     2
Dodge: Dodged            ||    26

Table legend: (Time is in decaauts)
 A = Elapsed time spent in this place.
 B = Non-inter-level travel time spent in this place.
 C = Inter-level travel time spent in this place.
 D = Time resting spent in this place.
 E = Time spent auto-exploring this place.
 F = Levels seen in this place.
 G = Mean time per level.
                   A        B        C        D        E       F      G
               +--------+--------+--------+--------+--------+-----+--------+
         Total |    384 |    384 |      0 |      0 |    114 |   4 |   96.0 |
       Dungeon |    384 |    384 |      0 |      0 |    114 |   4 |   96.0 |
               +--------+--------+--------+--------+--------+-----+--------+

Top non-repeatable levels by time:
     D:1: 192 daAuts
     D:4: 73 daAuts
     D:2: 66 daAuts
     D:3: 51 daAuts
